 Dungeon Crawl Stone Soup version 0.28.0-47-ge53b351184 (webtiles) character file.

Game seed: 15852239519076008741

1624 H0rd4k the Thaumaturge (level 8, -3/42 HPs)
             Began as a Deep Elf Hedge Wizard on Apr 25, 2022.
             Killed from afar by a deep elf pyromancer (11 damage)
             ... with a bolt of fire
             ... on level 7 of the Dungeon.
             The game lasted 00:10:58 (8228 turns).

H0rd4k the Thaumaturge (Deep Elf Hedge Wizard)      Turns: 8228, Time: 00:10:58

Health: -3/42      AC:  2    Str:  7    XL:     8   Next: 65%
Magic:  19/24      EV: 13    Int: 22    God:
Gold:   416        SH:  0    Dex: 14    Spells: 19/28 levels left

rFire   + . .      SeeInvis .   r - +0 dagger (venom)
rCold   . . .      Faith    .   (no shield)
rNeg    . . .      Spirit   .   b - +0 robe
rPois   .          Reflect  .   c - +0 hat
rElec   .          Harm     .   (no cloak)
rCorr   .          Rampage  .   (no gloves)
Will    .....                   (no boots)
Stlth   ++........              (no amulet)
HPRegen 0.14/turn               g - ring of protection from fire
MPRegen 0.19/turn               (no ring)

@: no status effects
A: no striking features
a: no special abilities


You were on level 7 of the Dungeon.
You visited 2 branches of the dungeon, and saw 8 of its levels.
You also visited: Sewer.

You collected 416 gold pieces.

Inventory:

Hand Weapons
 r - a +0 dagger of venom (weapon)
Armour
 b - a +0 robe (worn)
 c - a +0 hat (worn)
Magical Staves
 s - a staff of earth
Jewellery
 f - an amulet of faith
 g - a ring of protection from fire (left hand)
Wands
 n - a wand of iceblast (3)
 C - a wand of acid (9)
Scrolls
 d - 8 scrolls of identify {unknown}
 e - a scroll of enchant weapon {unknown}
 i - 3 scrolls of enchant armour {unknown}
 j - 2 scrolls of immolation {unknown}
 m - 3 scrolls of vulnerability {unknown}
 o - 3 scrolls of fear {unknown}
 p - a scroll of holy word {unknown}
 u - a scroll of summoning {unknown}
 w - 3 scrolls of blinking {unknown}
 x - a scroll of fog {unknown}
 y - a scroll of teleportation {unknown}
 A - a scroll of magic mapping {unknown}
 B - a scroll of brand weapon {unknown}
Potions
 a - 2 potions of lignification {unknown}
 h - a potion of invisibility {unknown}
 k - a potion of flight {unknown}
 l - 9 potions of curing {unknown}
 q - a potion of magic {unknown}
 t - a potion of resistance {unknown}
 v - a potion of might
 z - a potion of haste {unknown}


   Skills:
 + Level 0.8 Fighting
 + Level 3.6 Dodging
 - Level 2.4 Stealth
 + Level 10.6 Spellcasting
 + Level 6.9 Conjurations
 + Level 1.1 Summonings
 + Level 1.9 Translocations
 + Level 2.5 Fire Magic
 + Level 1.6 Air Magic
 + Level 1.7 Poison Magic
 + Level 0.8 Evocations


You had 19 spell levels left.
You knew the following spells:

 Your Spells              Type           Power      Damage    Failure   Level
a - Magic Dart            Conj           100%       1d8       1%          1
b - Blink                 Tloc           40%        N/A       3%          2
c - Conjure Flame         Conj/Fire      32%        6-21      2%          3
d - Mephitic Cloud        Conj/Pois/Air  26%        N/A       4%          3

Your spell library contained the following spells:

 Spells                   Type           Power      Damage    Failure   Level
 Static Discharge         Conj/Air       30%        N/A       1%          2
 Scorch                   Fire           44%        2d7       3%          2
 Call Imp                 Summ           16%        N/A       5%          2
 Slow                     Hex            44%        N/A       6%          1
 Sublimation of Blood     Necr           11%        N/A       9%          2
 Flame Wave               Conj/Fire      32%        2d8       9%          4
 Sticky Flame             Conj/Fire      32%        2d5       9%          4
 Lightning Bolt           Conj/Air       15%        1d29      26%         5
 Irradiate                Conj/Tmut      13%        3d17      36%         5
 Dispel Undead            Necr           11%        3d9       50%         4
 Petrify                  Tmut/Erth      11%        N/A       50%         4
 Summon Cactus Giant      Summ           8%         N/A       99%         6
 Maxwell's Capacitive Co  Air            9%         ∞         100%        8


Dungeon Overview and Level Annotations

Branches:
Dungeon (7/15)             Temple (1/1) D:6           Sewer (visited)

Altars:
Cheibriados
Dithmenos
Elyvilon
Fedhas
Gozag
Hepliaklqana
Kikubaaqudgha
Makhleb
Okawaru
Qazlal
Ru
Sif Muna
Trog
Vehumet
Wu Jian
Xom
Yredelemnul
Zin
The Shining One

Shops:
D:3 ?   D:4 *

Annotations:
D:3 exclusion: downstairs
D:4 exclusion: downstairs


Message History

The deep elf pyromancer gestures wildly while chanting.
You feel stable enough to blink again.
Saving game... please wait.
Welcome back, H0rd4k the Deep Elf Hedge Wizard.
Press ? for a list of commands and other information.
Okay, then.
Aiming: Iceblast
Press: ? - help, Shift-Dir - straight line, f - fire elemental
Aim: a fire elemental (lightly damaged, summoned)
The mass of ice explodes!
The iceblast engulfs the fire elemental!!
The fire elemental is frozen!
The fire elemental is severely damaged.
You hear a shout!
Aiming: Iceblast
Press: ? - help, Shift-Dir - straight line, f/p - fire elemental
Aim: a fire elemental (severely damaged, summoned)
The mass of ice explodes!
The iceblast engulfs the fire elemental!!
The fire elemental is frozen!
You destroy the fire elemental!
The fire elemental disappears in a puff of smoke!
Aiming: Iceblast
Press: ? - help, Shift-Dir - straight line, f - fire elemental
Aim: a fire elemental (flame, summoned)
The mass of ice explodes!
The iceblast engulfs the fire elemental!
The fire elemental is frozen!
The fire elemental is heavily damaged.
Aiming: Iceblast
Press: ? - help, Shift-Dir - straight line, f/p - fire elemental
Aim: a fire elemental (heavily damaged, summoned)
The mass of ice explodes!
The iceblast engulfs the fire elemental!!
The fire elemental is frozen!
You destroy the fire elemental!
The fire elemental disappears in a puff of smoke!
The deep elf pyromancer gestures at you while chanting.
The bolt of fire hits you! You resist.
You die...

###.### #.# #.# #........^..
#.....###.# #.# #........^..
.8.e.8.##.# ##.## #^..^..^...^
.......##.# ##...## #......^....
..._......####.....# #...^....^.
.......#...........# #...^^.....
.8...8.##..###.....# #..^.......
#..○..###..# ##...#####.#........
###e####...#####@................
#E.E.☼.#○e○§...#########......#
######...####### ######## #####


You could see a deep elf pyromancer.

Vanquished Creatures
  2 water moccasins (D:6)
  Pargi (Sewer)
  A sky beast (D:6)
  2 ice beasts (D:6)
  A necrophage (D:4)
  2 ogres (D:5)
  A bullfrog (D:7)
  2 scorpions
  A water moccasin skeleton (D:4)
  3 hounds
  An orc priest (D:7)
  A jelly (D:7)
  3 iguanas
  3 orc wizards
  12 adders
  A white imp (D:5)
  An ufetubus (D:5)
  3 worms
  6 dart slugs
  15 orcs
  6 ball pythons
  5 endoplasms
  7 giant cockroaches
  9 goblins
  6 hobgoblins
  6 jackals
  5 quokkas
  2 bats
  11 frilled lizards
  8 kobolds
  4 rats
131 creatures vanquished.

Vanquished Creatures (others)
  3 plants (D:1)
3 creatures vanquished.

Grand Total: 134 creatures vanquished

Notes
Turn   | Place    | Note
-------+----------+-------------------------------------------
     0 | D:1      | H0rd4k the Deep Elf Hedge Wizard began the quest for the
                  | Orb.
     0 | D:1      | Reached XP level 1. HP: 10/10 MP: 7/7
   189 | D:1      | Reached skill level 5 in Spellcasting
   189 | D:1      | Reached XP level 2. HP: 10/15 MP: 0/10
   864 | D:1      | Found a faded altar of an unknown god.
  1252 | D:2      | Reached XP level 3. HP: 19/19 MP: 0/12
  1255 | D:2      | Learned a level 2 spell: Blink
  1259 | D:2      | Learned a level 3 spell: Conjure Flame
  1263 | D:2      | Learned a level 3 spell: Mephitic Cloud
  2092 | D:2      | You fall into a shaft and drop 2 floors!
  2106 | D:4      | Reached XP level 4. HP: 18/24 MP: 8/13
  2169 | D:4      | Reached skill level 6 in Spellcasting
  2352 | D:4      | Noticed a necrophage
  2390 | D:3      | Reached skill level 1 in Poison Magic
  2788 | D:3      | Noticed a scorpion
  2919 | D:4      | Found Xootzyw's General Store.
  2939 | D:4      | Reached skill level 1 in Fire Magic
  2939 | D:4      | Reached skill level 1 in Air Magic
  2939 | D:4      | Reached XP level 5. HP: 24/28 MP: 9/15
  3482 | D:4      | Killed a necrophage
  3483 | D:4      | Reached XP level 6. HP: 32/32 MP: 2/17
  4381 | D:3      | Found Gefuit's Magic Scroll Emporium.
  4447 | D:3      | Reached skill level 7 in Spellcasting
  4846 | D:5      | Entered Level 5 of the Dungeon
  5017 | D:5      | Reached XP level 7. HP: 27/36 MP: 6/20
  5204 | D:5      | Reached skill level 8 in Spellcasting
  5618 | D:5      | Reached skill level 5 in Conjurations
  6093 | D:6      | Found a staircase to the Ecumenical Temple.
  6103 | Temple   | Entered the Ecumenical Temple
  6204 | D:6      | Found a glowing drain.
  6213 | Sewer    | Entered a sewer
  6275 | Sewer    | Noticed Pargi
  6294 | Sewer    | Killed Pargi
  6295 | Sewer    | Reached skill level 9 in Spellcasting
  6503 | D:6      | Reached XP level 8. HP: 14/42 MP: 18/23
  7124 | D:6      | Found a blossoming altar of Fedhas.
  7284 | D:6      | Reached skill level 10 in Spellcasting
  8041 | D:7      | Found a snail-covered altar of Cheibriados.
  8182 | D:7      | Found an opulent altar of Gozag.
  8199 | D:7      | Noticed a deep elf pyromancer
  8228 | D:7      | Killed from afar by a deep elf pyromancer

Illustrated notes

Levels and vault maps discovered:
D:1:      kennysheep_arrival_seaside, layout_rooms,
          hellmonk_ecumenical_altar_crossroads
D:2:      layout_basic, grunt_decor_one_mirror, kennysheep_potato
D:3:      layout_rooms, serial_shops, nicolae_shop_crystal
D:4:      layout_basic, serial_shops, kennysheep_little_box
D:5:      layout_cave_pools
D:6:      layout_basic, fedhas_altar_1, minmay_temple_entry_statues_fountains,
          portal_sewer_entry_d
D:7:      layout_loops_ring, grunt_gozag_statues, mainiacjoe_overflow_boulevard,
          minmay_holes
Temple:   regret_index_temple_sphere_string

Skill      XL: |  1  2  3  4  5  6  7  8 |
---------------+-------------------------+-----
Spellcasting   | 5 6 7 9 10 | 10.6
Conjurations   | 2 3 4 5 6 |  6.9
Poison Magic   | 1 |  1.7
Fire Magic     | 1 2 |  2.5
Air Magic      | 1 |  1.6
Dodging        | 3 |  3.6
Fighting       | |  0.8
Stealth        | |  2.4
Summonings     | |  1.1
Translocations | |  1.9
Evocations     | |  0.8

Action                   |  1- 3 |  4- 6 |  7- 9 || total
-------------------------+-------+-------+-------++-------
Melee: Dagger            |    27 |       |       ||    27
 Cast: Magic Dart        |   140 |   151 |   143 ||   434
       Blink             |       |     5 |     5 ||    10
       Conjure Flame     |       |     7 |    12 ||    19
       Mephitic Cloud    |       |     3 |     5 ||     8
Evoke: Wand              |       |       |     8 ||     8
  Use: Potion            |     2 |       |       ||     2
Armor: Robe              |    16 |     2 |     3 ||    21
Dodge: Dodged            |    38 |    21 |    19 ||    78
